[Event "Titled Tuesday Blitz August 22 Early 2023"]
[White "Dilmukhametov, Artur"]
[Black "Pavlidis, Anastasios"]
[WhiteFideId "24179922"]
[BlackFideId "4208404"]
[WhiteElo "2189"]
[BlackElo "2317"]
[Result "1-0"]
[Round "11"]
[TimeControl "180+1"]
[Date "2023.08.22"]
[WhiteClock "0:01:06"]
[BlackClock "0:01:57"]
[Board "138"]

1. d4 d5 2. c4 c6 3. Nc3 Nf6 4. Nf3 e6 5. e3 Nbd7 6. Qc2 Bb4 7. a3 Bd6 8. b3 dxc4 9. bxc4 e5 10. Bd3 exd4 11. exd4 O-O 12. O-O h6 13. Bb2 Ng4 14. Ne4 Bc7 15. d5 cxd5 16. cxd5 Nde5 17. Nxe5 Bxe5 18. h3 Bxb2 19. Qxb2 Qxd5 20. Rad1 Qh5 21. Ng3 Qh4 22. hxg4 Bxg4 23. Nf5 Qg5 24. f4 Qf6 25. Qxf6 gxf6 26. Nxh6+ 1-0


[Site "https://www.chess.com"]

[Event "Titled Tuesday Blitz August 22 Early 2023"]
[White "campochess"]
[Black "Sovetbekova, Nurai"]
[BlackFideId "13801910"]
[WhiteElo "2186"]
[BlackElo "2299"]
[Result "1-0"]
[Round "11"]
[TimeControl "180+1"]
[Date "2023.08.22"]
[WhiteClock "0:01:34"]
[BlackClock "0:01:04"]
[Board "139"]

1. e4 c5 2. c3 Nf6 3. e5 Nd5 4. d4 cxd4 5. Nf3 Nc6 6. Bb5 d6 7. Nxd4 Bd7 8. Bxc6 Bxc6 9. Nxc6 bxc6 10. exd6 exd6 11. O-O Be7 12. Na3 O-O 13. Nc4 Nf6 14. Bf4 d5 15. Ne5 Rc8 16. Qa4 Qb6 17. Rfe1 Ne4 18. Be3 Bc5 19. Nd7 Qb5 20. Qxb5 cxb5 21. Nxf8 Bxf8 22. f3 Nf6 23. Bxa7 b4 24. Bd4 bxc3 25. bxc3 Bc5 26. a4 h6 27. a5 Bxd4+ 28. cxd4 Ra8 29. a6 Ra7 30. Ra5 Nd7 31. Rb1 Kh7 32. Rb7 1-0


[Site "https://www.chess.com"]

[Event "Titled Tuesday Blitz August 22 Early 2023"]
[White "abelmat"]
[Black "Simonovic, Miroslav"]
[BlackFideId "919152"]
[WhiteElo "1945"]
[BlackElo "2272"]
[Result "0-1"]
[Round "11"]
[TimeControl "180+1"]
[Date "2023.08.22"]
[WhiteClock "0:00:00"]
[BlackClock "0:00:46"]
[Board "140"]

1. d4 Nf6 2. c4 c5 3. Nf3 b6 4. Nc3 Bb7 5. d5 d6 6. g3 e5 7. dxe6 fxe6 8. Bg2 Be7 9. O-O O-O 10. Qc2 d5 11. Ng5 Qd7 12. Rd1 h6 13. Nh3 d4 14. Bxb7 Qxb7 15. Nb1 e5 16. Qg6 Qe4 17. Qxe4 Nxe4 18. Nd2 Nd6 19. b3 Nc6 20. Ba3 Rf7 21. f4 e4 22. Rac1 a5 23. Bb2 Raf8 24. Nf1 g5 25. fxg5 hxg5 26. a3 e3 27. Rd3 Ne4 28. Nxe3 dxe3 29. Rxe3 Nd6 30. Rd1 Nf5 31. Re6 Ncd4 32. e3 Nxe6 33. Rd5 Nxe3 0-1


[Site "https://www.chess.com"]

[Event "Titled Tuesday Blitz August 22 Early 2023"]
[White "Zaichenko, Daria"]
[Black "Skiadopoulos, Nikolaos"]
[WhiteFideId "4197453"]
[BlackFideId "4200772"]
[WhiteElo "2270"]
[BlackElo "1848"]
[Result "1-0"]
[Round "11"]
[TimeControl "180+1"]
[Date "2023.08.22"]
[WhiteClock "0:02:05"]
[BlackClock "0:01:20"]
[Board "141"]

1. e4 c5 2. Nf3 Nc6 3. d4 cxd4 4. Nxd4 e5 5. Nb5 a6 6. Nd6+ Bxd6 7. Qxd6 Qf6 8. Qd1 Qg6 9. Nc3 Nf6 10. f3 O-O 11. Be3 d6 12. Qd2 Be6 13. O-O-O Rfd8 14. g4 h6 15. Nd5 Bxd5 16. exd5 Ne7 17. Bd3 e4 18. fxe4 Nxg4 19. Rhg1 h5 20. h3 Qf6 21. hxg4 hxg4 22. Rxg4 Ng6 23. Bg5 1-0


[Site "https://www.chess.com"]

[Event "Titled Tuesday Blitz August 22 Early 2023"]
[White "Martins, Bruno Andre Leite"]
[Black "Sarkar, Justin"]
[WhiteFideId "1942255"]
[BlackFideId "2010011"]
[WhiteElo "2510"]
[BlackElo "2240"]
[Result "0-1"]
[Round "11"]
[TimeControl "180+1"]
[Date "2023.08.22"]
[WhiteClock "0:00:10"]
[BlackClock "0:00:05"]
[Board "143"]

1. e4 c5 2. Nf3 d6 3. d4 cxd4 4. Nxd4 Nf6 5. Nc3 a6 6. Bg5 e6 7. f4 h6 8. Bh4 Qb6 9. Qd2 Qxb2 10. Rb1 Qa3 11. e5 dxe5 12. fxe5 g5 13. exf6 gxh4 14. Be2 Bc5 15. O-O Nc6 16. Rf4 Nxd4 17. Rxd4 e5 18. Rb3 Bxd4+ 19. Kh1 Qa5 20. Bc4 Qc5 21. Qd3 b5 22. Bd5 Ra7 23. Qf3 Rc7 24. Ne2 Qxc2 25. h3 Qd1+ 26. Kh2 Rg8 27. Nxd4 Qxd4 28. Re3 Kf8 29. Be4 Rc1 30. a4 Rg3 31. Qh5 Qxe3 32. Qxh6+ Qxh6 0-1


[Site "https://www.chess.com"]

[Event "Titled Tuesday Blitz August 22 Early 2023"]
[White "Omariev, Maksim"]
[Black "Sailer, Mike"]
[WhiteFideId "4193423"]
[BlackFideId "2012901"]
[WhiteElo "2435"]
[BlackElo "2228"]
[Result "1-0"]
[Round "11"]
[TimeControl "180+1"]
[Date "2023.08.22"]
[WhiteClock "0:01:20"]
[BlackClock "0:00:00"]
[Board "145"]

1. g4 e5 2. Bg2 Nc6 3. h3 Bc5 4. c4 d6 5. Nc3 a6 6. d3 Bd7 7. Nf3 h5 8. g5 Nge7 9. h4 Nf5 10. Ne4 Ba7 11. e3 Qe7 12. Qe2 O-O-O 13. Bd2 f6 14. O-O-O Be6 15. Kb1 d5 16. cxd5 Bxd5 17. Bh3 Be6 18. Bc3 Kb8 19. Rc1 Nd6 20. Bxe6 Qxe6 21. gxf6 gxf6 22. Nfd2 Nb5 23. Nc4 Nxc3+ 24. Rxc3 f5 25. Ng5 Qd5 26. Rhc1 e4 27. d4 f4 28. Rb3 f3 29. Qc2 Ka8 30. Qxe4 Qxe4+ 31. Nxe4 Rdg8 32. Ng5 Ne7 33. Ne5 c6 34. Nexf3 Bb8 35. e4 Ng6 36. Rh1 Nf4 37. Kc2 Rd8 38. e5 c5 39. Nf7 cxd4 40. Nxh8 d3+ 41. Kd2 Rxh8 42. Rxd3 Nxd3 43. Kxd3 Rf8 44. Ke4 Ba7 45. Rh2 Kb8 46. e6 Kc7 47. Nd4 Kd6 48. Nf5+ Kxe6 49. Ng7+ Ke7 50. Nxh5 Rxf2 51. Rxf2 Bxf2 52. Nf4 Kf6 53. Ng2 Bg3 54. Kd5 Bf2 55. a4 1-0


[Site "https://www.chess.com"]

[Event "Titled Tuesday Blitz August 22 Early 2023"]
[White "Tomaszewski, Kacper"]
[Black "Andrade Truyol, Geiner Jose"]
[WhiteFideId "1127373"]
[BlackFideId "4431987"]
[WhiteElo "2383"]
[BlackElo "2225"]
[Result "1-0"]
[Round "11"]
[TimeControl "180+1"]
[Date "2023.08.22"]
[WhiteClock "0:00:32"]
[BlackClock "0:00:28"]
[Board "146"]

1. d4 Nf6 2. Nf3 d5 3. c4 dxc4 4. Qa4+ Bd7 5. Qxc4 Bc6 6. Nc3 Nbd7 7. Qd3 Bxf3 8. Qxf3 c6 9. e4 e6 10. Bd3 Be7 11. O-O O-O 12. e5 Nd5 13. Qh3 g6 14. Ne4 c5 15. f4 cxd4 16. Rf3 Nc5 17. Nxc5 Bxc5 18. Qh6 f5 19. exf6 Qxf6 20. f5 exf5 21. Bg5 Qf7 22. g4 Ne3 23. gxf5 Nxf5 24. Rxf5 gxf5 25. Rc1 b5 26. Rxc5 Rac8 27. Rxf5 Qxf5 28. Bxf5 Rxf5 29. Qe6+ Kg7 30. Qxf5 Rc6 31. Qd7+ Kg6 32. Qxc6+ Kxg5 33. Qd5+ 1-0


[Site "https://www.chess.com"]

[Event "Titled Tuesday Blitz August 22 Early 2023"]
[White "Thiel, Thomas"]
[Black "Gheorghiu, Calin"]
[WhiteFideId "4615964"]
[BlackFideId "1200305"]
[WhiteElo "2228"]
[BlackElo "2363"]
[Result "1-0"]
[Round "11"]
[TimeControl "180+1"]
[Date "2023.08.22"]
[WhiteClock "0:01:36"]
[BlackClock "0:00:00"]
[Board "147"]

1. e4 c6 2. d4 d5 3. exd5 cxd5 4. c4 Nf6 5. Nc3 Nc6 6. Bg5 e6 7. c5 Be7 8. Bb5 O-O 9. Nge2 Bd7 10. O-O b6 11. Bxc6 Bxc6 12. b4 bxc5 13. bxc5 Qa5 14. Qd2 Qa3 15. Rfb1 h6 16. Bf4 Ne4 17. Nxe4 dxe4 18. Rb3 Qa6 19. Rg3 Kh7 20. Bxh6 gxh6 21. Rh3 e3 22. Qxe3 Kg8 23. Qxh6 1-0


[Site "https://www.chess.com"]

[Event "Titled Tuesday Blitz August 22 Early 2023"]
[White "Carre, Sylvain"]
[Black "Flis, Pawel"]
[WhiteFideId "642118"]
[BlackFideId "1112864"]
[WhiteElo "2332"]
[BlackElo "2147"]
[Result "1-0"]
[Round "11"]
[TimeControl "180+1"]
[Date "2023.08.22"]
[WhiteClock "0:02:39"]
[BlackClock "0:00:52"]
[Board "148"]

1. d4 Nf6 2. Bf4 g6 3. e3 Bg7 4. Be2 O-O 5. Nf3 d6 6. O-O b6 7. h3 Bb7 8. c4 c5 9. Nc3 cxd4 10. exd4 d5 11. cxd5 Nxd5 12. Nxd5 Bxd5 13. Be5 Nc6 14. Bxg7 Kxg7 15. b3 Bxf3 16. Bxf3 Rc8 17. Bxc6 Rxc6 18. d5 Rd6 19. Qd4+ Kg8 20. Rfd1 e6 21. Qa4 Rxd5 22. Rxd5 Qxd5 23. Qxa7 Qd4 24. Rc1 e5 25. Rc6 e4 26. Qxb6 Qa1+ 27. Kh2 Qxa2 28. Qe3 Qb1 29. Rc4 Rb8 30. Rxe4 Qxb3 31. Re8+ Kg7 32. Qe5+ Kh6 33. Qxb8 1-0


[Site "https://www.chess.com"]

[Event "Titled Tuesday Blitz August 22 Early 2023"]
[White "Sericano, Claudio"]
[Black "Vaglio Munoz, Jaime"]
[WhiteFideId "800473"]
[BlackFideId "6500145"]
[WhiteElo "2074"]
[BlackElo "2307"]
[Result "1-0"]
[Round "11"]
[TimeControl "180+1"]
[Date "2023.08.22"]
[WhiteClock "0:00:06"]
[BlackClock "0:00:22"]
[Board "149"]

1. e4 c5 2. Nf3 Qa5 3. Nc3 a6 4. d4 b5 5. Bd2 b4 6. Nd5 e6 7. Ne3 cxd4 8. Nxd4 Bb7 9. Bd3 Nf6 10. f3 d5 11. exd5 Nxd5 12. Nxd5 Qxd5 13. Nb3 Be7 14. Qe2 Nc6 15. O-O-O O-O 16. Kb1 a5 17. Bf4 g6 18. Bxg6 hxg6 19. Rxd5 exd5 20. h4 Rfe8 21. Qd2 a4 22. Nd4 Bf6 23. Nxc6 Bxc6 24. h5 a3 25. hxg6 fxg6 26. Qd3 Kg7 27. Bh6+ Kf7 28. b3 Rh8 29. Rh3 Rae8 30. Bd2 Rxh3 31. gxh3 Re5 32. Bxb4 Rf5 33. Bxa3 d4 34. Qc4+ Bd5 35. Qc7+ Kg8 36. Qc8+ Kh7 37. Qd7+ Kh6 38. Bc1+ Bg5 39. Bxg5+ Kxg5 40. Qe7+ Kf4 41. Qh4+ Ke3 42. a4 Bxf3 43. Qh6+ Ke2 44. Qxg6 Be4 45. Qg4+ Ke3 46. Qg3+ Ke2 47. Qb8 d3 48. cxd3 Bxd3+ 49. Kb2 Rf2 50. Kc3 Rf3 51. Qe5+ Be4+ 52. Kd4 Rxb3 53. Qxe4+ Kd2 54. Qg2+ Ke1 55. Qg1+ Kd2 56. Qf2+ Kd1 57. Qf1+ Kd2 58. a5 Rb4+ 59. Qc4 Rb2 60. Qc3+ Ke2 61. Qxb2+ Kf3 62. Qd2 Kg3 63. a6 Kh4 64. a7 Kh5 65. a8=Q Kg6 66. Qg8+ Kf5 67. Qf2# 1-0


[Site "https://www.chess.com"]

[Event "Titled Tuesday Blitz August 22 Early 2023"]
[White "Gyulamiryan-koryun"]
[Black "EvgenyBurmakin"]
[WhiteElo "2048"]
[BlackElo "2265"]
[Result "0-1"]
[Round "11"]
[TimeControl "180+1"]
[Date "2023.08.22"]
[WhiteClock "0:00:23"]
[BlackClock "0:00:11"]
[Board "150"]

1. d4 Nf6 2. Nf3 g6 3. c4 Bg7 4. Nc3 O-O 5. g3 d6 6. Bg2 Nc6 7. O-O e5 8. e4 Bg4 9. d5 Nd4 10. Be3 Re8 11. Bg5 h6 12. Bc1 c5 13. dxc6 bxc6 14. Qd3 Nd7 15. h3 Nc5 16. Qe2 Nxe2+ 17. Nxe2 Bxf3 18. Bxf3 Rb8 19. b3 a5 20. Rd1 Qc7 21. Bd2 Ne6 22. Bc3 c5 23. Bg2 Nd4 24. Nc1 a4 25. Rb1 axb3 26. axb3 Rb7 27. Bxd4 exd4 28. e5 dxe5 29. Bxb7 Qxb7 30. Nd3 Qc6 31. Re1 g5 32. Rbc1 e4 33. Nb2 e3 34. Nd3 exf2+ 35. Kxf2 Re3 36. Rxe3 dxe3+ 37. Kxe3 Bd4+ 38. Kd2 Qg2+ 39. Kd1 Be3 40. Ne1 Qd2# 0-1


[Site "https://www.chess.com"]

[Event "Titled Tuesday Blitz August 22 Early 2023"]
[White "KorolDimitriy75"]
[Black "KSho99"]
[WhiteElo "2351"]
[BlackElo "2220"]
[Result "1-0"]
[Round "11"]
[TimeControl "180+1"]
[Date "2023.08.22"]
[WhiteClock "0:00:18"]
[BlackClock "0:00:31"]
[Board "151"]

1. d4 e6 2. c4 f5 3. Nc3 Nf6 4. g3 Bb4 5. Qc2 O-O 6. Bg2 Nc6 7. Nf3 d5 8. O-O Ne4 9. a3 Bxc3 10. bxc3 dxc4 11. Nd2 Nxd2 12. Bxd2 Na5 13. Bf4 c6 14. Rab1 b5 15. a4 a6 16. axb5 axb5 17. Rxb5 cxb5 18. Bxa8 Bb7 19. Bxb7 Nxb7 20. Rb1 Qa5 21. Qb2 Nd8 22. Bd6 Rf7 23. Qxb5 Qxb5 24. Rxb5 Rd7 25. Be5 Nc6 26. Rc5 Nxe5 27. Rxe5 Kf7 28. Rc5 Kf6 29. Rxc4 Ra7 30. e3 Ra2 31. Kg2 Rc2 32. Rc6 g5 33. c4 Ke7 34. c5 Kd7 35. Rd6+ Ke7 36. Ra6 h5 37. h3 Kd7 38. Ra7+ Kc6 39. Rg7 g4 40. h4 1-0


[Site "https://www.chess.com"]

[Event "Titled Tuesday Blitz August 22 Early 2023"]
[White "Mikhaylova, Irina"]
[Black "Kiseleva, Arina"]
[WhiteFideId "4109040"]
[BlackFideId "4164989"]
[WhiteElo "2303"]
[BlackElo "2233"]
[Result "0-1"]
[Round "11"]
[TimeControl "180+1"]
[Date "2023.08.22"]
[WhiteClock "0:00:17"]
[BlackClock "0:00:22"]
[Board "152"]

1. d4 Nf6 2. Nf3 e6 3. c4 Bb4+ 4. Nbd2 O-O 5. g3 d6 6. Bg2 Qe7 7. O-O Bxd2 8. Bxd2 Ne4 9. Be1 a5 10. Nd2 Nxd2 11. Bxd2 e5 12. Bc3 f6 13. Qd2 Ra7 14. dxe5 fxe5 15. Bxa5 Nc6 16. Bc3 Bf5 17. b4 Rfa8 18. Qb2 Be6 19. Bd5 Qf7 20. e4 Bxd5 21. cxd5 Ne7 22. f4 exf4 23. Rxf4 Qg6 24. Qf2 h5 25. a3 Rxa3 26. Rxa3 Rxa3 27. Qb2 Ra8 28. Kg2 Kh7 29. Qf2 c6 30. Qd4 cxd5 31. exd5 Ra2+ 32. Kh3 Nf5 33. Rxf5 Qxf5+ 34. Kh4 Rxh2# 0-1


[Site "https://www.chess.com"]

[Event "Titled Tuesday Blitz August 22 Early 2023"]
[White "parintele_chess"]
[Black "Blokhin, Sofia"]
[BlackFideId "4508190"]
[WhiteElo "2216"]
[BlackElo "2276"]
[Result "1-0"]
[Round "11"]
[TimeControl "180+1"]
[Date "2023.08.22"]
[WhiteClock "0:00:14"]
[BlackClock "0:00:11"]
[Board "153"]

1. d4 f5 2. Bf4 g6 3. h4 Nf6 4. h5 Rg8 5. hxg6 hxg6 6. e3 d6 7. Bc4 e6 8. Nc3 c6 9. Nf3 Be7 10. Ng5 d5 11. Bd3 Ne4 12. Bxe4 dxe4 13. Nh7 Nd7 14. Qe2 b6 15. Qc4 Kf7 16. Qxc6 Ba6 17. d5 Nc5 18. dxe6+ Nxe6 19. Rd1 Qc8 20. Qa4 Qc4 21. Qxc4 Bxc4 22. b3 Ba6 23. Nd5 Bd8 24. Kd2 Bb7 25. Kc1 Bxd5 26. Rxd5 Be7 27. Rd7 Rae8 28. Ng5+ Nxg5 29. Bxg5 Ke6 30. Rxe7+ Rxe7 31. Bxe7 Kxe7 32. Rh7+ Kf6 33. Rxa7 Rh8 34. Rb7 Rh2 35. Rxb6+ Kg5 36. a4 Rxg2 37. a5 Rxf2 38. a6 Rh2 39. a7 Rh8 40. Rb8 1-0


[Site "https://www.chess.com"]

[Event "Titled Tuesday Blitz August 22 Early 2023"]
[White "Clawitter, Craig"]
[Black "Wang, Alexander J"]
[WhiteFideId "2023105"]
[BlackFideId "30955270"]
[WhiteElo "2215"]
[BlackElo "2271"]
[Result "0-1"]
[Round "11"]
[TimeControl "180+1"]
[Date "2023.08.22"]
[WhiteClock "0:00:00"]
[BlackClock "0:00:39"]
[Board "154"]

1. e4 c5 2. Nf3 d6 3. d4 cxd4 4. Nxd4 Nf6 5. Nc3 g6 6. Be3 Bg7 7. f3 O-O 8. Qd2 Nc6 9. Bc4 Bd7 10. O-O-O Ne5 11. Bb3 Rc8 12. Kb1 a6 13. g4 b5 14. h4 b4 15. Nd5 Nxd5 16. exd5 a5 17. Bh6 a4 18. h5 axb3 19. cxb3 Qa5 20. Bxg7 Ra8 21. hxg6 Qxa2+ 22. Kc2 Rfc8+ 23. Nc6 Bxc6 24. gxh7+ Kxg7 25. h8=Q+ Rxh8 26. Qg5+ Ng6 27. dxc6 Qa6 28. Rhe1 Qxc6+ 29. Kb1 Rhc8 30. Rc1 Qa6 31. Rxc8 Qa1+ 32. Kc2 Rxc8+ 33. Kd2 Qxb2+ 34. Ke3 Qxb3+ 35. Kf2 Rc2+ 36. Kg3 Qc3 0-1


[Site "https://www.chess.com"]

[Event "Titled Tuesday Blitz August 22 Early 2023"]
[White "GAO"]
[Black "Buraczewski, Rafal"]
[BlackFideId "1155245"]
[WhiteElo "2259"]
[BlackElo "2117"]
[Result "1-0"]
[Round "11"]
[TimeControl "180+1"]
[Date "2023.08.22"]
[WhiteClock "0:00:52"]
[BlackClock "0:00:02"]
[Board "155"]

1. Nf3 d5 2. b3 c6 3. Bb2 Bf5 4. g3 e6 5. Bg2 Nd7 6. O-O Ngf6 7. d3 Be7 8. Nbd2 O-O 9. Re1 Nc5 10. h3 h6 11. Ne5 a5 12. a3 Bh7 13. e4 dxe4 14. Nxe4 Nfxe4 15. dxe4 Bf6 16. Qe2 Qc7 17. f4 b5 18. Rad1 Rfd8 19. Qe3 Nd7 20. Nd3 Bxb2 21. Nxb2 Nf6 22. a4 Rxd1 23. Rxd1 Rd8 24. Rd4 Rxd4 25. Qxd4 c5 26. Qe5 Qxe5 27. fxe5 Nxe4 28. axb5 Kf8 29. b6 Ke7 30. b7 1-0


[Site "https://www.chess.com"]

[Event "Titled Tuesday Blitz August 22 Early 2023"]
[White "Wu, Derek"]
[Black "Seifert, Henryk"]
[WhiteFideId "30914558"]
[BlackFideId "1100963"]
[WhiteElo "2681"]
[BlackElo "2128"]
[Result "1-0"]
[Round "11"]
[TimeControl "180+1"]
[Date "2023.08.22"]
[WhiteClock "0:01:20"]
[BlackClock "0:00:04"]
[Board "156"]

1. e4 e6 2. d4 d5 3. Nc3 Nf6 4. Bg5 Be7 5. e5 Nfd7 6. h4 a6 7. Qg4 Bxg5 8. hxg5 c5 9. Nf3 Nc6 10. dxc5 Ndxe5 11. Nxe5 Nxe5 12. Qg3 Ng6 13. O-O-O Bd7 14. Bd3 Qb8 15. Bxg6 Qxg3 16. Bxf7+ Kxf7 17. fxg3 Rac8 18. Ne4 Kg6 19. b4 Bc6 20. Nd6 Rc7 21. Rde1 Re7 22. Re5 h6 23. Kd2 Rf8 24. gxh6 gxh6 25. Ke2 d4 26. Rh4 Bxg2 27. Rxd4 Bf3+ 28. Ke3 Bd5 29. Rdxd5 1-0


[Site "https://www.chess.com"]

[Event "Titled Tuesday Blitz August 22 Early 2023"]
[White "Hartikainen, Jarmo"]
[Black "Novikova, Galina"]
[WhiteFideId "503134"]
[BlackFideId "4157095"]
[WhiteElo "2094"]
[BlackElo "2400"]
[Result "0-1"]
[Round "11"]
[TimeControl "180+1"]
[Date "2023.08.22"]
[WhiteClock "0:00:03"]
[BlackClock "0:01:47"]
[Board "157"]

1. e4 e6 2. d4 d5 3. Nd2 Nc6 4. Ngf3 g5 5. Bb5 Bd7 6. Bxc6 Bxc6 7. Ne5 Bb5 8. Qh5 Qf6 9. Ndf3 h6 10. Ng4 Qg7 11. a4 Ba6 12. exd5 exd5 13. Nge5 Nf6 14. Qh3 g4 15. Qh4 gxf3 16. Be3 fxg2 17. Rg1 O-O-O 18. O-O-O Bf1 19. Qh3+ Kb8 20. Qf5 Bd6 21. Kb1 Bxe5 22. dxe5 Ne4 23. Bd4 Qg5 24. Qf3 Nd2+ 25. Rxd2 Qxd2 26. e6 Qxd4 27. Qe3 Qxe3 0-1


[Site "https://www.chess.com"]

[Event "Titled Tuesday Blitz August 22 Early 2023"]
[White "Hon, Eric"]
[Black "Zepeda Berlanga, Jan Enrique"]
[WhiteFideId "2097117"]
[BlackFideId "5132355"]
[WhiteElo "2219"]
[BlackElo "2000"]
[Result "0-1"]
[Round "11"]
[TimeControl "180+1"]
[Date "2023.08.22"]
[WhiteClock "0:00:44"]
[BlackClock "0:01:03"]
[Board "158"]

1. e4 c5 2. Nf3 d6 3. Nc3 Nf6 4. d4 cxd4 5. Nxd4 Nc6 6. Be3 Ng4 7. Nxc6 bxc6 8. Be2 Nxe3 9. fxe3 Qb6 10. O-O Qxe3+ 11. Kh1 e5 12. Bc4 Be6 13. Bxe6 fxe6 14. Rf3 Qb6 15. Rb1 Be7 16. Na4 Qb4 17. Nc3 O-O-O 18. Rf7 Bf6 19. Rxa7 Qd4 20. Re7 0-1


[Site "https://www.chess.com"]

[Event "Titled Tuesday Blitz August 22 Early 2023"]
[White "Floresvillar Gonzalez, Luis Migu"]
[Black "elcala"]
[WhiteFideId "5100542"]
[WhiteElo "2124"]
[BlackElo "1714"]
[Result "1/2-1/2"]
[Round "11"]
[TimeControl "180+1"]
[Date "2023.08.22"]
[WhiteClock "0:00:07"]
[BlackClock "0:00:16"]
[Board "159"]

1. d4 d5 2. c3 Nf6 3. Bg5 g6 4. Nd2 Bg7 5. e3 O-O 6. Bd3 c6 7. f4 Bg4 8. Ngf3 Nbd7 9. h3 Bf5 10. Bxf5 gxf5 11. Rg1 Ne4 12. Nxe4 fxe4 13. Ne5 Nxe5 14. fxe5 f6 15. exf6 Bxf6 16. Qg4 Bxg5 17. Qxg5+ Kh8 18. Qe5+ Kg8 19. O-O-O Rf6 20. Rdf1 Qf8 21. Rxf6 Qxf6 22. Qg3+ Kh8 23. Qe1 Rf8 24. Qg3 Qf2 25. Qe5+ Kg8 26. Qg5+ Kh8 27. Qe5+ Kg8 28. Qg5+ Kf7 29. Qf4+ Qxf4 30. exf4 Ke6 31. g3 Kf5 32. Kd2 h5 33. Ke3 Rg8 34. Rg2 Rg6 35. b4 b6 36. a4 Rg8 37. a5 b5 38. Rg1 a6 39. Rg2 Rg7 40. Rg1 Rg8 41. Rg2 Rg7 42. Rg1 Rg8 1/2-1/2


[Site "https://www.chess.com"]

[Event "Titled Tuesday Blitz August 22 Early 2023"]
[White "Vargas, Mauricio"]
[Black "Shapiro, Daniel"]
[WhiteFideId "4404572"]
[BlackFideId "2001780"]
[WhiteElo "1872"]
[BlackElo "2269"]
[Result "0-1"]
[Round "11"]
[TimeControl "180+1"]
[Date "2023.08.22"]
[WhiteClock "0:00:00"]
[BlackClock "0:01:10"]
[Board "160"]

1. e4 c5 2. Nc3 a6 3. f4 b5 4. Nf3 Bb7 5. d3 e6 6. g4 d5 7. e5 g6 8. Bg2 Nc6 9. O-O Bg7 10. Ne2 d4 11. Ng3 Nge7 12. Ne4 O-O 13. a3 Nd5 14. Qe1 Rb8 15. g5 Nce7 16. Nf6+ Kh8 17. Qh4 h5 18. gxh6 Bxf6 19. exf6 Nf5 20. Qh3 Nde3 21. Bxe3 Nxe3 22. Rf2 Qxf6 0-1


[Site "https://www.chess.com"]

[Event "Titled Tuesday Blitz August 22 Early 2023"]
[White "Todev, Simeon"]
[Black "Orlov, Georgi"]
[WhiteFideId "2925133"]
[BlackFideId "2011271"]
[WhiteElo "2398"]
[BlackElo "2496"]
[Result "0-1"]
[Round "11"]
[TimeControl "180+1"]
[Date "2023.08.22"]
[WhiteClock "0:00:00"]
[BlackClock "0:00:51"]
[Board "161"]

1. e4 c5 2. Nf3 e6 3. c3 Nf6 4. Be2 Nxe4 5. d4 cxd4 6. cxd4 d5 7. Nc3 Bb4 8. O-O Bxc3 9. bxc3 Nxc3 10. Qc2 Nxe2+ 11. Qxe2 O-O 12. Bf4 Nc6 13. Rab1 b6 14. Rfc1 Bd7 15. Qd2 Rc8 16. Rc3 f6 17. Rbc1 Qe7 18. h3 Na5 19. Rxc8 Rxc8 20. Rxc8+ Bxc8 21. Qc3 Nc4 22. Nd2 Ba6 23. Nb3 Qa3 24. Qe1 Kf7 25. Qe2 g6 26. Bc1 Qb4 27. Bd2 Qb5 28. Qg4 Nd6 29. Qh4 h5 30. Qf4 Qd7 31. Qh6 Nf5 32. Qh7+ Ke8 33. Qg8+ Ke7 34. Bb4+ Nd6 35. Qxg6 Bc4 36. Qg7+ Kd8 37. Qxf6+ Kc8 38. Qe5 Nf7 39. Qg7 a5 40. Nd2 axb4 41. Qf8+ Kb7 42. Qxb4 Bxa2 43. Qb2 Bc4 44. Nf3 Qc7 45. Qd2 b5 46. Qb4 Kb6 47. Ne1 Qd6 48. Qb2 b4 49. Nc2 b3 50. Na1 Qb4 51. Nc2 Qd2 52. Qa3 bxc2 53. Qb2+ Kc6 54. Qa3 c1=Q+ 0-1


[Site "https://www.chess.com"]